 Dungeon Crawl Stone Soup version 0.27.0-1-g7a089689b8 (webtiles) character file.

Game seed: 15009886024385844379

104 trckry the Grasshopper (level 4, -4/45 HPs)
             Began as an Ogre Warper on Aug 11, 2021.
             Slain by Natasha (6 damage)
             ... on level 2 of the Dungeon.
             The game lasted 00:04:36 (2673 turns).

trckry the Grasshopper (Ogre Warper)                Turns: 2673, Time: 00:04:36

Health: -4/45      AC:  3    Str: 15    XL:     4   Next: 80%
Magic:  8/8        EV:  9    Int: 15    God:
Gold:   58         SH:  0    Dex:  8    Spells: 8/8 levels left

rFire    . . .     SeeInvis .   a - +0 mace
rCold    . . .     Faith    .   (no shield)
rNeg     . . .     Spirit   .   b - +0 robe
rPois    .         Reflect  .   (helmet restricted)
rElec    .         Harm     .   (no cloak)
rCorr    .         Rampage  .   (gloves unavailable)
Will     .....                  (boots unavailable)
Stlth    +.........             k - amulet of magic regeneration
HPRegen  0.15/turn              (no ring)
MPRegen  0.36/turn              (no ring)

@: slowed, very slow
A: large, unfitting armour, tough skin 1
a: no special abilities


You were on level 2 of the Dungeon.
You visited 1 branch of the dungeon, and saw 2 of its levels.

You collected 58 gold pieces.

Inventory:

Hand Weapons
 a - a +0 mace (weapon)
Missiles
 d - 5 boomerangs of dispersal
 m - 7 boomerangs (quivered)
Armour
 b - a +0 robe (worn)
Jewellery
 k - an amulet of magic regeneration (around neck)
Scrolls
 c - a scroll of blinking
 f - 2 scrolls of enchant armour {unknown}
 g - a scroll of immolation {unknown}
 h - 2 scrolls of magic mapping {unknown}
 i - 2 scrolls of identify {unknown}
 l - 2 scrolls of vulnerability {unknown}
 n - a scroll of teleportation {unknown}
Potions
 e - a potion of flight {unknown}
 j - a potion of heal wounds {unknown}


   Skills:
 + Level 3.3 Fighting
 * Level 2.8 Maces & Flails
 + Level 1.8 Throwing
 - Level 2.1 Dodging
 + Level 2.9 Spellcasting
 * Level 3.5 Translocations


You had 8 spell levels left.
You didn't know any spells.
Your spell library contained the following spells:

 Spells                   Type           Power      Damage    Failure   Level
 Blink                    Tloc           N/A        N/A       8%          2
 Gell's Gravitas          Tloc           6%         N/A       14%         3
 Lesser Beckoning         Tloc           6%         N/A       14%         3
 Teleport Other           Tloc           12%        N/A       14%         3
 Manifold Assault         Tloc           12%        N/A       80%         5


Dungeon Overview and Level Annotations

Branches:
Dungeon (2/15)

Altars:

Annotations:
D:2 Natasha, Sigmund


Innate Abilities, Weirdness & Mutations

You are too large for most types of armour.
You have tough skin. (AC +1)


Message History

The bat hits you. Natasha completely misses you.
You barely miss Natasha.
Natasha is moderately wounded.
The bat hits you. The bat barely misses you. Natasha claws you!
The bat hits you but does no damage.
You take 8 damage, and have 21/45 hp.
You sock Natasha!
Natasha is almost dead.
The bat hits you. The bat barely misses you.
Natasha claws you but does no damage. The bat hits you but does no damage.
You take 1 damage, and have 20/45 hp.
You hit Natasha but do no damage.
Natasha is almost dead.
The bat hits you but does no damage. The bat barely misses you.
Natasha barely misses you. The bat hits you but does no damage.
Natasha mumbles some strange words.
You closely miss Natasha.
Natasha is almost dead.
The bat hits you but does no damage. x2
Natasha stares at you and mumbles some strange words.
The magic dart hits you.
You take 4 damage, and have 16/45 hp.
You closely miss Natasha.
Natasha is almost dead.
The bat hits you but does no damage.
Natasha stares at you and mumbles some strange words.
You feel yourself slow down.
You closely miss Natasha.
Natasha is almost dead.
The crimson imp blinks!
Natasha claws you!
* * * LOW HITPOINT WARNING * * *
Natasha howls an incantation.
You feel disoriented. Natasha claws you!
* * * LOW HITPOINT WARNING * * *
You take 15 damage, and have 2/45 hp.
MASSIVE DAMAGE!!
You barely miss Natasha.
Natasha is almost dead.
The bat hits you but does no damage. Natasha claws you.
You die...

.........##..........# #....≈≈≈≈
.#..............)..###...≈≈≈≈≈
......#..............<#....≈≈≈≈≈
............[....5...##..#..≈≈≈≈
............................≈≈≈≈
...#......).......#.<......P.≈≈≈
..........##...#.....#...#..P.≈≈
......#.####....h............P..
######.##...#.@##...#..........
##>........................
#.......##.##........#.....
#.......##.##..#.#..##..###
#........^.##..#..........#
#######.#### .......#....#
#....# ..........#.. #.####
#.####.#..... #.#
#####.####..#....


You could see Natasha and a crimson imp (summoned).

Vanquished Creatures
  Natasha (D:2)
  An adder (D:1)
  A dart slug (D:1)
  6 ball pythons
  3 endoplasms
  4 giant cockroaches (D:2)
  2 goblins
  6 hobgoblins
  18 jackals
  4 kobolds
  3 quokkas
  5 bats
  2 rats (D:2)
56 creatures vanquished.

Vanquished Creatures (others)
  7 plants (D:2)
7 creatures vanquished.

Grand Total: 63 creatures vanquished

Notes
Turn   | Place    | Note
-------+----------+-------------------------------------------
     0 | D:1      | trckry the Ogre Warper began the quest for the Orb.
     0 | D:1      | Reached XP level 1. HP: 22/22 MP: 3/3
   169 | D:1      | Reached XP level 2. HP: 29/29 MP: 3/5
   756 | D:1      | Reached XP level 3. HP: 15/36 MP: 6/6
  1000 | D:2      | Noticed Sigmund
  1859 | D:1      | Reached XP level 4. HP: 29/45 MP: 8/8
  2130 | D:1      | HP: 6/45 [jackal (3)]
  2412 | D:2      | Noticed Natasha
  2419 | D:2      | Killed Natasha
  2660 | D:2      | Noticed Natasha
  2672 | D:2      | HP: 2/45 [Natasha (7)]
  2673 | D:2      | Slain by Natasha

Illustrated notes

Levels and vault maps discovered:
D:1:      lemuel_arrival_rhombus, layout_rooms
D:2:      minmay_angry_zag, layout_basic, guppyfry_early_lair_pool,
          uniq_sigmund, uniq_natasha

Skill      XL: |  1  2  3 |
---------------+----------+-----
Maces & Flails | 2 |  2.8
Translocations | 3 |  3.5
Fighting       | 3 |  3.3
Throwing       | |  1.8
Dodging        | |  2.1
Spellcasting   | |  2.9

Action                   |  1- 3 |  4- 6 || total
-------------------------+-------+-------++-------
Melee: Mace              |   145 |    46 ||   191
Armor: Robe              |    66 |    40 ||   106
Dodge: Dodged            |   104 |    58 ||   162
